 Dungeon Crawl Stone Soup version 0.23-a0-169-gb21e695 (webtiles) character file.

455 nikopol the Magician (level 6, -2/32 HPs)
             Began as a Deep Elf Fire Elementalist on Sept 11, 2018.
             Slain by a gnoll sergeant
             ... wielding a +2 spear of venom
              (3 damage)
             ... on level 3 of the Dungeon.
             The game lasted 00:08:04 (2665 turns).

nikopol the Magician (Deep Elf Fire Elementalist)   Turns: 2665, Time: 00:08:05

Health: -2/32      AC:  3    Str:  5    XL:     6   Next: 76%
Magic:  8/17       EV: 13    Int: 24    God:
Gold:   132        SH:  0    Dex: 15    Spells: 7/17 levels left

rFire    . . .     SeeInvis .   (no weapon)
rCold    . . .     Gourm    .   (no shield)
rNeg     . . .     Faith    .   a - +0 robe
rPois    .         Spirit   .   i - +0 helmet
rElec    .         Reflect  .   (no cloak)
rCorr    +         Harm     .   (no gloves)
MR       .....                  (no boots)
Stlth    ++........             r - amulet of regeneration
HPRegen  0.50/turn              d - +2 ring of intelligence
MPRegen  0.15/turn              h - ring of resist corrosion

@: very slightly contaminated
A: no striking features
a: no special abilities


You were on level 3 of the Dungeon.
You were not hungry.

You visited 1 branch of the dungeon, and saw 3 of its levels.

You collected 132 gold pieces.

Inventory:

Armour
 a - a +0 robe (worn)
 i - a +0 helmet (worn)
Jewellery
 d - a +2 ring of intelligence (left hand)
 h - a ring of resist corrosion (right hand)
 m - the ring of Ceil {MR- MP+9 Str+3 SInv, unknown}
   (You took it off a gnoll on level 3 of the Dungeon)

   [ring of strength]

   It affects your strength (+3).
   It affects your resistance to hostile enchantments.
   It affects your magic capacity (+9).
   It lets you see invisible.
 r - an amulet of regeneration (around neck)
Wands
 n - a wand of scattershot (4)
Scrolls
 b - 2 scrolls of teleportation {unknown}
 g - a scroll of blinking {unknown}
 k - 5 scrolls of identify {unknown}
 o - 2 scrolls of remove curse {unknown}
 s - 2 scrolls of noise {unknown}
 t - 2 scrolls of enchant armour {unknown}
 u - a scroll of enchant weapon {unknown}
Potions
 e - a potion of might {unknown}
 f - a potion of berserk rage {unknown}
 j - 2 potions of curing
 l - a potion of ambrosia {unknown}
 p - a potion of heal wounds {unknown}
 q - a potion of invisibility {unknown}
Comestibles
 c - 6 rations


   Skills:
 + Level 3.2 Dodging
 + Level 3.2 Stealth
 + Level 6.3 Spellcasting
 + Level 3.5 Conjurations
 + Level 5.3 Fire Magic


You had 7 spell levels left.
You knew the following spells:

 Your Spells              Type           Power        Failure   Level  Hunger
a - Flame Tongue          Conj/Fire      ####.        1%          1    None
b - Throw Flame           Conj/Fire      ####..       1%          2    None
c - Conjure Flame         Conj/Fire      ####....     3%          3    None
d - Sticky Flame          Conj/Fire      ####....     12%         4    ###....

Your spell library contained the following spells:

 Spells                   Type           Power        Failure   Level  Hunger
 Inner Flame              Hex/Fire       ###.....     8%          3    None
 Fireball                 Conj/Fire      ####......   34%         5    #####..


Dungeon Overview and Level Annotations

Branches:
Dungeon (3/15)

Altars:


Message History

The gnoll sergeant hits you with a spear of venom.
Casting: Sticky Flame (safe; 12% risk of failure)
Confirm with . or Enter, or press ? or * to list all spells.
Aiming: Sticky Flame (safe; 12% risk of failure)
Press: ? - help, Shift-Dir - straight line, f - gnoll, p - gnoll sergeant
Aim: a gnoll, wielding a whip You miscast Sticky Flame.
You are very lightly contaminated with residual magic.
Your skin glows momentarily.
You feel sick.
The gnoll sergeant burns!
The gnoll hits you with a whip.
The gnoll sergeant hits you with a spear of venom!
You are more poisoned.
You feel sick.
The gnoll sergeant burns!
The gnoll sergeant hits you from afar with a spear of venom!
* * * LOW HITPOINT WARNING * * *
It was a potion of curing.
You feel better.
The gnoll sergeant burns!
The gnoll hits you with a whip!
* * * LOW HITPOINT WARNING * * *
The gnoll sergeant hits you from afar with a spear of venom.
You die...

............................
≈≈≈≈≈≈≈≈≈≈≈≈≈≈≈)...≈≈≈≈≈≈≈≈≈
≈≈≈≈≈≈≈≈≈≈≈≈≈≈≈..).≈≈≈≈≈≈≈≈≈
###≈≈≈≈≈≈≈≈≈≈≈≈....≈)≈≈≈≈≈≈≈
gg#.........................
..#############')''#########
#+# #....# #....# #.@..#
#.g).#########''
..#g...#...)).....
....'....'..8#......
....'....'..8# .##''
.....#8..8#......#
##################


You could see a gnoll sergeant (burning) and a gnoll.

Vanquished Creatures
  3 gnoll shamans (D:3)
  2 orc wizards (D:3)
  23 gnolls
  2 adders (D:2)
  An ooze (D:2)
  A dart slug (D:1)
  2 leopard geckos (D:2)
  2 orcs (D:3)
  A ball python (D:2)
  3 bats
  5 giant cockroaches
  6 goblins
  4 hobgoblins
  9 jackals (D:3)
  2 quokkas (D:2)
  A frilled lizard (D:2)
  4 kobolds
  4 rats
75 creatures vanquished.

Notes
Turn   | Place    | Note
-------+----------+-------------------------------------------
     0 | D:1      | nikopol the Deep Elf Fire Elementalist began the quest for
                  | the Orb.
     0 | D:1      | Reached XP level 1. HP: 10/10 MP: 6/6
   179 | D:1      | Reached XP level 2. HP: 15/15 MP: 5/8
   637 | D:2      | Reached XP level 3. HP: 19/19 MP: 6/10
   643 | D:2      | Learned a level 2 spell: Throw Flame
   647 | D:2      | Learned a level 3 spell: Conjure Flame
  1027 | D:2      | Reached skill level 4 in Spellcasting
  1027 | D:2      | Reached XP level 4. HP: 24/24 MP: 9/12
  1449 | D:3      | Reached XP level 5. HP: 20/28 MP: 4/13
  1455 | D:3      | Learned a level 4 spell: Sticky Flame
  1732 | D:3      | Reached skill level 5 in Spellcasting
  2002 | D:3      | Got a faintly glowing golden ring
  2078 | D:3      | Reached XP level 6. HP: 32/32 MP: 2/16
  2306 | D:3      | Reached skill level 5 in Fire Magic
  2309 | D:3      | Reached skill level 6 in Spellcasting
  2664 | D:3      | HP: 1/32 [gnoll sergeant/spear of venom (10)]
  2665 | D:3      | Slain by a gnoll sergeant

Vault maps used:
D:1:      lightli_arrival_quake
D:3:      lemuel_castle_with_subvaults, first_ration

Skill      XL: |  1  2  3  4  5  6 |
---------------+-------------------+-----
Fire Magic     | 4 5 |  5.3
Stealth        | 3 |  3.2
Spellcasting   | 4 5 6 |  6.3
Conjurations   | 2 3 |  3.5
Dodging        | 3 |  3.2

Action                   |  1- 3 |  4- 6 || total
-------------------------+-------+-------++-------
 Cast: Flame Tongue      |    61 |   111 ||   172
       Sticky Flame      |       |     2 ||     2
       Throw Flame       |       |     7 ||     7
       Conjure Flame     |       |     1 ||     1
  Use: Potion            |       |     1 ||     1
  Eat: Chunk             |       |     5 ||     5
Armor: Robe              |     8 |     6 ||    14
Dodge: Dodged            |    16 |    26 ||    42

Table legend:
 A = Non-vault XP
 B = Vault XP
 C = Vault XP percentage of total XP
 D = Non-vault monster count
 E = Vault monster count
 F = Vault count percentage of total count
                 A         B        C        D         E       F
            +---------+---------+-------+---------+---------+-------
      Total |     227 |     423 |  65.1 |      43 |      32 |  42.7
            +---------+---------+-------+---------+---------+-------
        D:1 |      22 |       0 |   0.0 |      11 |       0 |   0.0
        D:2 |     107 |       0 |   0.0 |      23 |       0 |   0.0
        D:3 |      98 |     423 |  81.2 |       9 |      32 |  78.0
            +---------+---------+-------+---------+---------+-------
